Map: Kairos Junction LE

Players

DarwinAwdWnr

  • Race: Zerg Zerg
  • League: Platinum
  • Spawn Location: 5:00

Guy - Winner!

  • Race: Protoss Protoss
  • League: Platinum
  • Spawn Location: 11:00

VOD

Have the link to the VOD?

Description

Time

  • Played on: June 15, 2019, 12:12 a.m.
  • Length: 12:03
Show
View Real Time Build Order
Export as new Build Order

DarwinAwdWnr Zerg 

Build Orders: Hatch First, Roach Nydus 

Get SALT Encoding   

  12  0:01  Drone  
  13  0:08  Drone  
  14  0:16  Overlord  
  14  0:35  Drone x2  
  16  0:50  Hatchery  
  15  1:02  Drone x3  
  18  1:06  Extractor  
  17  1:13  Drone  
  18  1:22  Spawning Pool  
  17  1:33  Drone  
  17  1:35  Drone  
  19  1:47  Drone  
  20  1:59  Overlord  
  20  2:08  Hatchery  
  20  2:12  Zergling x2  
  20  2:13  Zergling x2  
  20  2:14  Metabolic Boost  
  21  2:17  Zergling x2  
  21  2:20  Drone  
  23  2:29  Queen  
  25  2:37  Queen  
  25  3:06  Drone x2  
  25  3:07  Drone x4  
  30  3:17  Lair  
  30  3:28  Drone  
  30  3:29  Drone x4  
  35  3:39  Roach Warren  
  34  3:51  Drone x7  
  34  3:54  Overlord  
  41  3:58  Overlord  
  41  4:06  Extractor  
  41  4:09  Extractor  
  37  4:20  Nydus Network  
  37  4:21  Spore Crawler  
  29  4:33  Roach  
  29  4:34  Roach x4  
  39  4:41  Zergling x2  
  39  4:42  Zergling x12  
  46  5:01  Nydus Canal  
  46  5:09  Overlord x3  
  40  5:48  Roach  
  40  5:49  Roach x9  
  48  6:05  Roach x3  
  54  6:22  Nydus Canal  
  52  6:30  Overlord x2  
  43  7:04  Queen x3  
  43  7:07  Hydralisk Den  
  40  7:10  Drone  
  40  7:11  Drone x8  
  47  7:38  Hydralisk  
  47  7:39  Hydralisk x5  
  59  8:09  Roach  
  59  8:10  Hydralisk, Roach  
  61  8:19  Overlord x3  
  59  8:20  Overlord  
  56  8:37  Queen x2  
  58  8:46  Drone x3  
  59  9:05  Hatchery  
  58  9:25  Muscular Augments  
  58  9:31  Hydralisk x8  
  74  9:43  Overlord x2  
  74  9:46  Nydus Canal  
  74  10:11  Hydralisk  
  74  10:12  Hydralisk x7  
  76  10:39  Hydralisk x6  
  68  10:46  Nydus Canal  
  68  11:27  Drone  
  68  11:28  Drone x10  
  79  11:38  Drone x5  
Show
View Real Time Build Order
Export as new Build Order

Guy Protoss - Winner!

Build Orders: Oracle Opening, Phoenix Opening 

Get SALT Encoding   

  1  0:00  Probe  
  12  0:05  Probe  
  14  0:15  Probe  
  15  0:22  Pylon  
  15  0:41  Probe, Gateway  
  16  0:49  Assimilator  
  16  0:53  Probe  
  17  1:01  Probe  
  17  1:09  Probe  
  19  1:19  Probe  
  20  1:28  Cybernetics Core  
  20  1:34  Pylon  
  20  1:35  Probe  
  21  1:51  Nexus  
  21  1:53  Probe  
  22  2:02  Assimilator  
  22  2:04  Probe, Warp Gate  
  23  2:09  Adept  
  23  2:12  Probe  
  25  2:20  Probe  
  27  2:31  Stargate  
  27  2:34  Probe  
  28  2:46  Probe  
  29  2:58  Probe  
  30  3:02  Adept  
  30  3:05  Oracle  
  32  3:06  Probe  
  32  3:10  Probe  
  34  3:18  Probe  
  37  3:22  Assimilator, Probe  
  39  3:28  Assimilator  
  39  3:32  Adept  
  41  3:35  Pylon  
  41  3:43  Probe x2, Shield Battery  
  43  3:55  Probe, Phoenix  
  44  4:02  Probe  
  47  4:04  Gateway  
  47  4:07  Probe  
  48  4:30  Stalker  
  50  4:32  Probe x2  
  50  4:35  Phoenix  
  54  4:50  Pylon  
  54  4:51  Nexus  
  54  4:55  Forge  
  54  5:04  Pylon  
  54  5:08  Probe x2  
  54  5:09  Void Ray  
  56  5:18  Stalker  
  62  5:23  Probe x2  
  55  5:32  Stalker  
  55  5:35  Probe  
  48  5:42  Stalker  
  42  6:11  Probe  
  42  6:15  Probe x2  
  45  6:22  Probe  
  45  6:23  Probe  
  45  6:27  Probe, Phoenix  
  45  6:30  Probe  
  51  6:47  Void Ray  
  50  6:50  Stalker  
  55  7:01  Probe  
  55  7:03  Probe  
  55  7:04  Probe  
  58  7:09  Probe  
  58  7:11  Probe  
  60  7:16  Probe  
  60  7:19  Probe  
  62  7:29  Void Ray  
  62  7:31  Stargate  
  62  7:33  Protoss Shields Level 1  
  62  7:34  Probe  
  62  7:35  Probe  
  62  7:36  Probe  
  66  7:42  Probe  
  66  7:43  Probe  
  69  7:44  Probe  
  69  7:45  Stalker  
  74  8:15  Void Ray x2  
  74  8:26  Stalker  
  77  8:45  Probe x3  
  80  8:54  Gateway  
  80  8:56  Gateway  
  80  8:57  Probe x3, Pylon  
  80  8:58  Gateway  
  80  8:59  Pylon  
  79  9:15  Twilight Council  
  79  9:30  Assimilator  
  79  9:31  Gateway  
  79  9:32  Assimilator, Protoss Ground Weapons Level 1  
  79  9:36  Phoenix  
  79  9:38  Phoenix  
  83  9:39  Gateway  
  83  9:41  Probe  
  83  9:44  Probe x2  
  86  9:49  Probe  
  86  9:51  Sentry  
  88  9:56  Probe x2  
  91  10:01  Phoenix  
  93  10:08  Zealot, Photon Cannon  
  93  10:11  Void Ray  
  99  10:20  Probe x2  
  101  10:23  Probe  
  101  10:25  Pylon  
  101  10:27  Pylon  
  101  10:29  Pylon  
  101  10:31  Void Ray  
  93  10:43  Probe x2  
  93  10:44  Probe  
  96  10:52  Stalker  
  96  10:53  Stalker x6  
  96  10:55  Probe x2  
  96  10:56  Probe  
  113  10:59  Void Ray  
  113  11:06  Void Ray  
  121  11:19  Templar Archives  
  121  11:27  Stalker  
  121  11:28  Stalker  
  125  11:34  Pylon  
  125  11:35  Pylon  
Tags
 
Add a new tag
Caveats
  • Supply blocks, unpowered buildings, or Contaminate may cause inaccurate times.
  • Supply counts are checked every 10 seconds.